AoeStats
← Cleopatra

Arena

510329805Analyzed
4v4 RM · 15h ago on Sep 30, 2026· 45m 0s· 8 players
Game mode
Random Map
Map size
Large (8 player)
Population
200
Speed
Normal
Resources
Standard
Victory
Conquest
Starting age
Dark Age
Ending age
Imperial Age
RankedLock teamsTeams togetherTeam positionsShared explorationLock speedFull tech treeHidden civsTurbo modeCheats
Victory
Defeat
🇦🇷 Huns · Argentina
1270
+14
🇨🇳 Cumans · China
1253
+15
🇨🇳 Poles · China
1222
+16
🇨🇳 Britons · China
1096
+22
1270
-19
🇨🇳 Mongols · China
1226
-17
🇪🇸 Franks · Spain
1201
-16
🇭🇰 Poles · Hong Kong SAR China
1194
-15
Viner
11:08 Feudal Age
11:58 Double-Bit Axe
12:37 Horse Collar
15:08 Castle Age
15:40 Loom
16:13 Fletching
18:49 Wheelbarrow
20:09 Bodkin Arrow
25:29 Bow Saw
30:31 Imperial Age
28:36 Hand Cart
28:27 Gold Mining
28:28 Stone Mining
28:42 Padded Archer Armor
29:02 Bodkin Arrow
29:28 Ballistics
30:09 Gold Shaft Mining
30:44 Leather Archer Armor
30:42 Bloodlines
30:34 Husbandry
31:00 Masonry
31:52 Parthian Tactics
31:31 Bracer
32:44 Heavy Plow
33:59 Chemistry
32:39 Crossbowman
32:44 Elite Skirmisher
35:09 Conscription
36:43 Thumb Ring
40:21 Capped Ram
41:01 Elite Mangudai
41:41 Town Watch
43:38 Heavy Plow
44:14 Stone Shaft Mining
43:46 Siege Engineers
44:42 Scale Barding Armor
45:27 Drill
imkl
11:20 Feudal Age
12:54 Wheelbarrow
15:23 Castle Age
13:08 Horse Collar
13:35 Double-Bit Axe
16:32 Heavy Plow
16:57 Bow Saw
22:22 Stone Mining
24:40 Stone Shaft Mining
24:04 Gold Mining
25:41 Hand Cart
27:07 Loom
29:54 Imperial Age
28:13 Szlachta Privileges
28:20 Bloodlines
28:43 Forging
28:39 Scale Barding Armor
28:50 Fletching
30:02 Husbandry
30:16 Scale Mail Armor
31:35 Iron Casting
31:51 Chain Mail Armor
31:56 Bodkin Arrow
35:16 Fortified Wall
34:57 Cavalier
36:39 Blast Furnace
36:00 Chain Barding Armor
36:20 Bracer
37:29 Light Cavalry
follow the white rabbit Δ
11:59 Feudal Age
13:13 Wheelbarrow
12:25 Double-Bit Axe
12:21 Horse Collar
18:17 Castle Age
19:14 Bow Saw
19:06 Heavy Plow
20:41 Stone Mining
21:42 Loom
23:40 Gold Mining
25:05 Hand Cart
25:04 Town Watch
25:48 Fortified Wall
26:58 Gold Shaft Mining
29:16 Stone Shaft Mining
29:13 Forging
29:04 Scale Mail Armor
32:22 Imperial Age
30:52 Ballistics
31:48 Iron Casting
32:27 Heavy Scorpion
35:50 Chemistry
Ace
5:16 Loom
11:26 Feudal Age
15:52 Castle Age
14:15 Double-Bit Axe
17:08 Bow Saw
24:52 Wheelbarrow
24:43 Gold Mining
30:23 Imperial Age
28:14 Hand Cart
28:19 Scale Barding Armor
28:24 Forging
28:10 Stone Mining
29:10 Caravan
30:05 Gold Shaft Mining
29:43 Husbandry
30:07 Chain Barding Armor
29:57 Forging
30:05 Scale Mail Armor
30:26 Cavalier
31:47 Conscription
32:46 Plate Barding Armor
34:36 Iron Casting
35:14 Paladin
38:33 Blast Furnace
41:19 Capped Ram
Cleopatra
10:12 Feudal Age
14:38 Castle Age
12:27 Horse Collar
13:13 Double-Bit Axe
16:07 Wheelbarrow
15:43 Bow Saw
16:14 Heavy Plow
21:48 Stone Mining
22:17 Gold Mining
24:12 Gold Shaft Mining
24:49 Hand Cart
28:42 Imperial Age
27:19 Scale Barding Armor
27:24 Forging
27:19 Marauders
27:47 Husbandry
27:57 Bloodlines
28:34 Chain Barding Armor
29:57 Conscription
30:19 Iron Casting
29:29 Elite Tarkan
32:29 Atheism
36:56 Blast Furnace
38:46 Loom
39:38 Plate Barding Armor
41:42 Two-Man Saw
44:47 Atheism
洋
10:55 Feudal Age
12:05 Double-Bit Axe
15:22 Castle Age
13:38 Horse Collar
21:33 Heavy Plow
27:04 Fletching
27:15 Padded Archer Armor
32:55 Imperial Age
30:13 Crossbowman
31:37 Bodkin Arrow
31:59 Bow Saw
33:36 Elite Skirmisher
33:51 Arbalester
39:09 Ballistics
39:50 Chemistry
41:35 Bracer
41:25 Capped Ram
42:56 Arrowslits
44:06 Conscription
爱种点小田
9:46 Feudal Age
11:01 Double-Bit Axe
13:49 Castle Age
12:27 Horse Collar
15:02 Bow Saw
15:35 Heavy Plow
19:30 Wheelbarrow
21:10 Hand Cart
21:15 Gold Mining
22:36 Stone Mining
23:37 Loom
26:41 Imperial Age
24:27 Scale Barding Armor
24:22 Fletching
25:14 Stone Shaft Mining
24:58 Treadmill Crane
25:42 Bodkin Arrow
26:08 Ballistics
26:01 Crossbowman
27:03 Padded Archer Armor
27:10 Squires
27:33 Bracer
28:34 Chemistry
26:55 Arbalester
27:41 Thumb Ring
28:09 Leather Archer Armor
28:34 Crop Rotation
31:11 Conscription
31:02 Siege Engineers
31:10 Scale Mail Armor
32:58 Forging
33:45 Elite Obuch
35:19 Chain Mail Armor
35:11 Arrowslits
35:57 Arson
37:37 Bloodlines
37:27 Husbandry
38:52 Plate Mail Armor
41:04 Masonry
41:30 Hoardings
40:39 Pikeman
41:56 Iron Casting
41:26 Murder Holes
41:21 Cavalier
42:12 Szlachta Privileges
43:48 Blast Furnace
42:55 Scale Barding Armor
风生水起
1:51 Loom
11:03 Feudal Age
12:19 Double-Bit Axe
12:17 Horse Collar
20:02 Gold Mining
22:24 Castle Age
23:02 Wheelbarrow
23:49 Gold Shaft Mining
23:18 Heavy Plow
23:33 Bow Saw
24:07 Scale Barding Armor
24:14 Forging
25:10 Chain Barding Armor
26:43 Iron Casting
25:59 Capped Ram
26:56 Bloodlines
36:13 Stone Mining
40:42 Imperial Age
38:15 Pikeman
38:56 Squires
39:01 Scale Mail Armor
39:57 Fletching
40:12 Padded Archer Armor
41:22 Bodkin Arrow
42:31 Chemistry
42:46 Two-Man Saw
42:05 Leather Archer Armor
43:33 Ring Archer Armor
43:33 Elite Kipchak
44:40 Conscription
44:49 Conscription
43:57 Onager
Connection lost

Rejoining the realm…

Still unreachable

The connection could not be restored.

Session expired

The server has moved on; the page needs a fresh start.